 Dungeon Sprint DCSS version 0.30.1-11-g7821555f0a (webtiles) character file.

Game seed: 17726696747165078756

8 Groucho the Scratcher (level 2, -1/19 HPs)
             Began as a Felid Transmuter on Dec 17, 2023.
             Slain by a black bear (3 damage)
             ... in the Dungeon (Sprint IX: "|||||||||||||||||||||||||||||").
             The game lasted 00:00:24 (35 turns).

Groucho the Scratcher (Felid Transmuter)              Turns: 35, Time: 00:00:24

Health: -1/19      AC:  1    Str:  6    XL:     2   Next: 0%
Magic:  6/6        EV: 18    Int: 14    God:
Gold:   0          SH:  0    Dex: 16    Spells: 4/5 levels left
                                        Lives:  0   Deaths: 0

rFire   . .          .
                       - Unarmed
rCold   . . .        (shield unavailable)
rNeg    . . .        (body armour unavailable)
rPois   .            (helmet unavailable)
rElec   .            (cloak unavailable)
rCorr   .            (gloves unavailable)
SInv    +            (boots unavailable)
Will    .....        (no amulet) Stlth
                     (no ring)
HPRegen 0.23/turn    (no ring)
MPRegen 0.10/turn

%: no teleportation
@: berserking, hasted, very quick
A: very small, claws 1, fangs 3, see invisible, speed 1, shaggy fur 1, stealthy
paws, no weapons or thrown items, no armour, multi-lived
a: no special abilities


You were in the Dungeon.
You visited 1 branch

Inventory:

Scrolls
 g - a scroll of blinking
Potions
 a - a potion of lignification
 e - 2 potions of magic


   Skills:
 + Level 1.6 Fighting
 + Level 3.3 Dodging
 + Level 1.7 Stealth
 + Level 3.3 Unarmed Combat
 + Level 2.4 Spellcasting
 + Level 2.6 Transmutations
 + Level 1.2 Invocations


You had 4 spell levels left.
You knew the following spells:

 Your Spells              Type           Power      Damage    Failure   Level
a - Beastly Appendage     Tmut           18%        N/A       8%          1

Your spell library contained the following spells:

 Spells                   Type           Power      Damage    Failure   Level
 Wereblood                Tmut           9%         N/A       12%         2
 Spider Form              Tmut/Pois      5%         N/A       36%         3
 Ice Form                 Ice/Tmut       5%         N/A       78%         4


Dungeon Overview and Level Annotations

Branches:
Dungeon (1/1)

Altars:


Innate Abilities, Weirdness & Mutations

You have sharp claws.
You have razor-sharp teeth.
You have supernaturally acute eyesight. (SInv)
You cover ground quickly. (Speed+)
You are covered in fur. (AC +1)
Your paws help you pounce on unaware monsters.
You are incapable of wielding weapons or throwing items.
You cannot wear armour.
You gain extra lives every three experience levels.


Message History

You kill the kobold!
Your Dodging skill increases to level 3!
The endoplasm closely misses you.
You see here a +0 club.
You scratch the endoplasm. You bite the endoplasm.
You kill the endoplasm!
Your Invocations skill increases to level 1!
You barely miss the giant cockroach. The giant cockroach misses you.
You closely miss the giant cockroach.
You scratch the giant cockroach but do no damage.
The giant cockroach completely misses you.
You barely miss the giant cockroach. You claw the giant cockroach.
The giant cockroach is severely wounded.
The giant cockroach closely misses you.
You scratch the giant cockroach.
You kill the giant cockroach!
You open the door.
A black bear, a scorpion, 2 orcs and an ogre come into view.
The orc shouts!
The ogre shouts!
The black bear growls angrily.
The orc shouts!
There is an open door here.
A red film seems to cover your vision as you go berserk!
You feel yourself moving faster!
You feel mighty! The orc hits you with a +0 flail.
You claw the orc!
You kill the orc!
You have reached level 2!
Unknown command.
You closely miss the black bear.
Unknown command.
Unknown command.
Unknown command.
You claw the black bear!
The black bear is moderately wounded.
The black bear bites you. The black bear claws you. The black bear misses you.
You barely miss the black bear.
The black bear is moderately wounded.
The black bear completely misses you. The black bear claws you.
* * * LOW HITPOINT WARNING * * *
The black bear claws you.
You die... ▓▓▓▓▓▓▓▓▓▓▓▓▓▓▓▓▓▓ ▓<...'†)...@hso.O+ ▓▓▓▓▓▓▓▓▓▓▓▓▓▓▓▓▓▓

You could see a black bear, an ogre, a scorpion and an orc.

Vanquished Creatures
  An orc (D)
  An endoplasm (D)
  A giant cockroach (D)
  A kobold (D)
  A quokka (D)
  A frilled lizard (D)
6 creatures vanquished.

Notes
Turn   | Place    | Note
-------+----------+-------------------------------------------
     0 | D        | Groucho the Felid Transmuter began the quest for the Orb.
     0 | D        | Reached XP level 1. HP: 9/9 MP: 4/4
    12 | D        | Reached skill level 1 in Stealth
    21 | D        | Reached skill level 1 in Invocations
    29 | D        | Noticed a black bear
    29 | D        | Noticed a scorpion
    29 | D        | Noticed an ogre
    33 | D        | Reached XP level 2. HP: 13/13 MP: 6/6
    35 | D        | Slain by a black bear

Illustrated notes

Levels and vault maps discovered:
D:        linesprint [early_d, line_temple, items_1, d_10, items_2, lair_1,
          lair_end, items_3, orc_1, orc_end, items_4, d_15, swamp_1, shoals_1,
          snake_1, spider_1, d_20, vaults_1, items_5, swamp_end, shoals_end,
          snake_end, spider_end, vaults_end, d_27, items_6, zot_1, zot_end,
          crypt_end, forest_end, elf_end, slime_end, tomb_end, abyss_end,
          pan_hell_end]

Skill      XL: |  1 |
---------------+----+-----
Stealth        | 1 |  1.7
Dodging        | 3 |  3.3
Invocations    | 1 |  1.2
Fighting       | |  1.6
Unarmed Combat | |  3.3
Spellcasting   | |  2.4
Transmutations | |  2.6

Action                     || total
---------------------------++-------
  Melee: Unarmed           ||    20
         Punch             ||     1
         Bite              ||     1
    Use: Potion            ||     4
  Dodge: Dodged            ||    13
